 Dungeon Crawl Stone Soup version 0.28.0-53-g5a82cb258f (webtiles) character file.

Game seed: 17042951442024511430

17 ultragoat the Skirmisher (level 2, -2/27 HPs)
             Began as a Minotaur Fighter on May 26, 2022.
             Succumbed to an adder's poison
             ... on level 2 of the Dungeon.
             The game lasted 00:01:59 (1097 turns).

ultragoat the Skirmisher (Minotaur Fighter)         Turns: 1097, Time: 00:02:00

Health: -2/27      AC:  7    Str: 20    XL:     2   Next: 44%
Magic:  1/1        EV:  9    Int:  5    God:
Gold:   90         SH:  4    Dex:  9    Spells: 1/1 levels left

rFire   . . .      SeeInvis .   a - +0 war axe
rCold   . . .      Faith    .   c - +0 buckler
rNeg    . . .      Spirit   .   b - +0 scale mail
rPois   .          Reflect  .   (helmet restricted)
rElec   .          Harm     .   (no cloak)
rCorr   .          Rampage  .   (no gloves)
Will    .....                   (no boots)
Stlth   ..........              (no amulet)
HPRegen 0.09/turn               (no ring)
MPRegen 0.07/turn               (no ring)

@: lethally poisoned (-2 -> -12)
A: horns 2, retaliatory headbutt
a: no special abilities


You were on level 2 of the Dungeon.
You visited 1 branch of the dungeon, and saw 2 of its levels.

You collected 90 gold pieces.

Inventory:

Hand Weapons
 a - a +0 war axe (weapon)
Armour
 b - a +0 scale mail (worn)
 c - a +0 buckler (worn)
Scrolls
 i - a scroll of immolation
Potions
 d - a potion of might
 f - a potion of ambrosia
 j - a potion of brilliance {unknown}


   Skills:
 + Level 3.9 Fighting
 + Level 2.8 Axes
 + Level 3.9 Armour
 + Level 3.9 Shields


You had one spell level left.
You didn't know any spells.
Your spell library was empty.

Dungeon Overview and Level Annotations

Branches:
Dungeon (2/15)

Altars:


Innate Abilities, Weirdness & Mutations

You have a pair of horns on your head.
You reflexively headbutt those who attack you in melee.


Message History

You miss the adder. The adder bites you.
You are poisoned.
The adder poisons you! The adder closely misses you.
You barely miss the adder.
You feel sick. The adder barely misses you.
You closely miss the adder.
You feel sick. The adder bites you but does no damage. The adder bites you.
You barely miss the adder.
You feel sick. The adder bites you but does no damage. The adder bites you.
You hit the adder but do no damage.
You feel sick.
You are no longer poisoned.
The adder bites you. You block the adder's attack.
You miss the adder. Your headbutt misses the adder.
The adder closely misses you. You block the adder's attack.
You slash the adder!
The adder is almost dead.
The adder bites you but does no damage. You block the adder's attack.
You closely miss the adder.
The adder is almost dead.
The adder closely misses you. The adder bites you.
You are poisoned.
The adder poisons you!
You miss the adder. Your headbutt misses the adder.
The adder is almost dead.
You feel sick. You block the adder's attack.
You completely miss the adder.
The adder is almost dead.
You feel sick. The adder bites you.
You are lethally poisoned!
The adder poisons you! The adder bites you.
* * * LOW HITPOINT WARNING * * *
You are more poisoned.
The adder poisons you!
You miss the adder.
The adder is severely wounded.
* * * LOW HITPOINT WARNING * * *
You feel very sick. You block the adder's attack. The adder barely misses you.
You barely miss the adder. Your headbutt misses the adder.
The adder is severely wounded.
You die...

# # ##### ###
#####...#####.######
...................#
#####...#####......#
. ##### #......# ##
##.....# # #.....# .
#####@### . .. #S# .
#.#.## #....#
#.#.........
#.#..##..... # ...#
##.. ....# ##...#


You could see an adder.

Vanquished Creatures
  4 endoplasms (D:1)
  2 giant cockroaches
  2 goblins (D:1)
  A hobgoblin (D:1)
  2 kobolds (D:1)
  A ball python (D:2)
  2 frilled lizards (D:1)
  A rat (D:2)
15 creatures vanquished.

Notes
Turn   | Place    | Note
-------+----------+-------------------------------------------
     0 | D:1      | ultragoat the Minotaur Fighter began the quest for the Orb.
     0 | D:1      | Reached XP level 1. HP: 19/19 MP: 0/0
   512 | D:1      | Reached XP level 2. HP: 21/27 MP: 1/1
   514 | D:1      | Found a faded altar of an unknown god.
  1096 | D:2      | HP: 1/27 [poisoned by an adder]
  1097 | D:2      | Succumbed to an adder's poison

Illustrated notes

Levels and vault maps discovered:
D:1:      onia_arrival_pentagram, layout_loops_corners,
          hellmonk_ecumenical_altar_blasted
D:2:      layout_loops_cross, serial_glass, glass_columns_b, glass_columns_a

Action                   || total
-------------------------++-------
Melee: War axe           ||    46
       Headbutt          ||     1
  Use: Scroll            ||     3
Armor: Scale mail        ||    19
Dodge: Dodged            ||    15
Block: Buckler           ||    11
